 Dungeon Sprint DCSS version 0.26-a0-180-ge96aa7da28 (webtiles) character file.

Game seed: 16249808002386360214

2121 Apogee the Tortoise (level 9, -2/93 HPs)
             Began as a Hill Orc Fighter on July 3, 2020.
             Was the Champion of Jiyva.
             Slain by a bone dragon (10 damage)
             ... while paralysed
             ... in the Dungeon (Sprint VII: "The Pits").
             The game lasted 00:09:27 (2143 turns).

Apogee the Tortoise (Hill Orc Fighter)              Turns: 2143, Time: 00:09:28

Health: -2/93      AC: 15    Str: 22    XL:     9   Next: 29%
Magic:  9/9        EV:  2    Int:  8    God:    Jiyva [******]
Gold:   0          SH:  0    Dex:  8    Spells: 8/8 levels left

rFire    . . .     SeeInvis .   u - +1 hand axe (freeze)
rCold    + . .     Faith    .   (no shield)
rNeg     . . .     Spirit   .   w - +2 plate armour
rPois    .         Reflect  .   (no helmet)
rElec    .         Harm     .   (no cloak)
rCorr    +         NoTele   +   (no gloves)
MR       .....                  (no boots)
Stlth    ..........             (no amulet)
HPRegen  0.25/turn              (no ring)
MPRegen  0.11/turn              (no ring)

@: paralysed, berserk cooldown, hasted and slowed
A: claws 1, talons 1, cold resistance 1, dopey 1, robust 1, gelatinous body 1,
pseudopods 1, jelly absorbing missiles
a: Request Jelly, Slimify, Cure Bad Mutation, Renounce Religion


You were in the Dungeon.
You worshipped Jiyva.
Jiyva was exalted by your worship.
You were full.

You visited 1 branch

Inventory:

Hand Weapons
 a - a +0 war axe
 k - a +2 hunting sling of freezing
 l - a +1 long sword of holy wrath
 m - a +2 hand axe
 t - a +1 quarterstaff of speed
 u - a +1 hand axe of freezing (weapon)
 v - a +0 vorpal trident
Armour
 b - a +0 scale mail
 c - a +0 kite shield
 g - a +0 chain mail
 w - a +2 plate armour (worn)
Scrolls
 o - 3 scrolls of remove curse
 p - 5 scrolls of amnesia
 q - a scroll of summoning
Potions
 d - a potion of might
 e - 6 potions of curing
 i - 4 potions of magic
 j - 2 potions of berserk rage {!q}
 n - 2 potions of invisibility
 s - 5 potions of heal wounds
Comestibles
 f - 9 rations
 r - 4 chunks of flesh


   Skills:
 + Level 9.7 Fighting
 - Level 14.0 Axes
 - Level 16.2 Armour
 * Level 4.2 Shields


You had 8 spell levels left.
You didn't know any spells.
Your spell library was empty.

Dungeon Overview and Level Annotations

Branches:
Dungeon (1/1)

Altars:
Ashenzari
Cheibriados
Dithmenos
Elyvilon
Fedhas
Gozag
Hepliaklqana
Kikubaaqudgha
Makhleb
Nemelex Xobeh
Okawaru
Qazlal
Ru
Sif Muna
Trog
Uskayaw
Vehumet
Wu Jian
Xom
Yredelemnul
Zin
The Shining One
Beogh
Jiyva
Lugonu

Annotations:
D exclusion: 6 doors


Innate Abilities, Weirdness & Mutations

You have sharp fingernails.
You have sharp toenails.
Your flesh is cold resistant. (rC+)
You are dopey. (Int -2)
You are robust. (+10% HP)
Your rubbery body absorbs attacks. (AC +1, EV +1)
Armour fits poorly on your pseudopods.
You have a small jelly attached to you that may absorb incoming projectiles.


Message History

Unknown command.
You hit the bone dragon but do no damage.
You claw the bone dragon, but do no damage.
You bludgeon the bone dragon, but do no damage.
The bone dragon is heavily damaged.
Unknown command.
You barely miss the bone dragon.
You claw the bone dragon, but do no damage.
You bludgeon the bone dragon.
The bone dragon is heavily damaged.
The bone dragon bites you.
* * * LOW HITPOINT WARNING * * *
The bone dragon completely misses you. The bone dragon barely misses you.
You hit the bone dragon but do no damage.
The bone dragon is heavily damaged.
You are no longer berserk.
You pass out from exhaustion.
You feel yourself slow down. The bone dragon bites you!
You die...

#### ############
.... #______J__.#
.... #_________.#
####
#_______...#########
##########'##.......
#.?(.'.).'.##......#
##########.##.......
#..@D.....J.'W......
#'#####'#####......#
#.#...#.#)[##.......
#.#...#.#..#####'###
#.#...'.#..##.......
#.##รท####..##.......
#.#.....#..##.......
#.#.....#'###...<...
#.#........##.......


You could see a bone dragon and a neutral jelly (wandering) (fellow slime).

Vanquished Creatures
  A manticore (D)
  A rime drake (D)
  A wyvern (D)
  A warg (D)
  A floating eye (D)
  An ice beast (D)
  A big kobold (D)
  A crocodile (D)
  A hound (D)
  3 orc priests (D)
  An orc wizard (D)
  A gnoll shaman (D)
  An iron imp (D)
  7 gnolls (D)
  An adder (D)
  A leopard gecko (D)
  9 orcs (D)
  A ball python (D)
  A goblin (D)
  A hobgoblin (D)
  5 jackals (D)
  A quokka (D)
  2 ball python skeletons (D)
  2 frilled lizards (D)
  A rat (D)
47 creatures vanquished.

Vanquished Creatures (collateral kills)
  A minotaur (D)
  A phantasmal warrior (D)
2 creatures vanquished.

Vanquished Creatures (others)
  Dissolution (D)
  An acid blob (D)
  An azure jelly (D)
  A purple draconian (D)
  An ettin (D)
  A death ooze (D)
  A green death (D)
  A fire dragon (D)
  A vault guard (D)
  A two-headed ogre (shapeshifter) (D)
  A soul eater (D)
  A skeletal warrior (D)
  4 eyes of devastation (D)
  A slime creature (D)
  A troll (shapeshifter) (D)
  A neqoxec (D)
  A hungry ghost (D)
  A swamp worm (shapeshifter) (D)
  A floating eye (D)
  3 eyes of draining (D)
  A swamp drake (D)
  An eye of draining (shapeshifter) (D)
  A gnoll sergeant (D)
  A killer bee (D)
  A hound (D)
  13 jellies (D)
  A gnoll (D)
44 creatures vanquished.

Grand Total: 93 creatures vanquished

Notes
Turn   | Place    | Note
-------+----------+-------------------------------------------
     0 | D        | Apogee the Hill Orc Fighter began the quest for the Orb.
     0 | D        | Reached XP level 1. HP: 19/19 MP: 1/1
   162 | D        | Reached skill level 5 in Axes
   162 | D        | Reached XP level 2. HP: 18/28 MP: 2/2
   370 | D        | Noticed a floating eye
   370 | D        | Noticed a big kobold
   391 | D        | Reached skill level 5 in Fighting
   391 | D        | Reached XP level 3. HP: 35/37 MP: 3/3
   397 | D        | Paralysed by a floating eye for 2 turns
   402 | D        | Reached XP level 4. HP: 25/45 MP: 4/4
   402 | D        | Paralysed by a floating eye for 2 turns
   410 | D        | Paralysed by a floating eye for 4 turns
   415 | D        | Killed a floating eye
   415 | D        | Reached XP level 5. HP: 25/56 MP: 5/5
   432 | D        | Killed a big kobold
   432 | D        | Reached XP level 6. HP: 26/64 MP: 6/6
   635 | D        | Reached skill level 4 in Armour
   931 | D        | Found a bloodstained altar of Trog.
   931 | D        | Found a shimmering blue altar of Sif Muna.
   931 | D        | Found a viscous altar of Jiyva.
   931 | D        | Found a hazy altar of Hepliaklqana.
   931 | D        | Found an opulent altar of Gozag.
   932 | D        | Found a glowing golden altar of the Shining One.
   932 | D        | Found a glowing silver altar of Zin.
   932 | D        | Found a basalt altar of Yredelemnul.
   932 | D        | Found a shimmering altar of Xom.
   932 | D        | Found an ornate altar of the Wu Jian Council.
   932 | D        | Found a sacrificial altar of Ru.
   932 | D        | Found a stormy altar of Qazlal.
   932 | D        | Found an iron altar of Okawaru.
   932 | D        | Found a sparkling altar of Nemelex Xobeh.
   932 | D        | Found a burning altar of Makhleb.
   932 | D        | Found a blossoming altar of Fedhas.
   932 | D        | Found a white marble altar of Elyvilon.
   932 | D        | Found a shadowy altar of Dithmenos.
   932 | D        | Found a snail-covered altar of Cheibriados.
   933 | D        | Found a radiant altar of Vehumet.
   933 | D        | Found a corrupted altar of Lugonu.
   933 | D        | Found a roughly hewn altar of Beogh.
   934 | D        | Found a hide-covered altar of Uskayaw.
   934 | D        | Found an ancient bone altar of Kikubaaqudgha.
   934 | D        | Found a shattered altar of Ashenzari.
   960 | D        | Became a worshipper of Jiyva Jorontu the Shapeless
   961 | D        | Killed a vault guard
   962 | D        | Killed a death ooze
   963 | D        | Killed an ettin
   964 | D        | Killed a skeletal warrior
   965 | D        | Reached * piety under Jiyva
   966 | D        | Killed an acid blob
   967 | D        | Killed a purple draconian
   969 | D        | Killed a neqoxec
   970 | D        | Killed an eye of devastation
   971 | D        | Killed an azure jelly
   973 | D        | Killed an eye of draining
   975 | D        | Killed a floating eye
   983 | D        | Killed a fire dragon
   986 | D        | Killed a troll
   986 | D        | Killed a green death
   988 | D        | Reached ** piety under Jiyva
   991 | D        | Killed a soul eater
   993 | D        | Killed Dissolution
   994 | D        | Killed an eye of devastation
   999 | D        | Reached *** piety under Jiyva
   999 | D        | Gained mutation: You have a small jelly attached to you
                  | that may absorb incoming projectiles. [Jiyva's grace]
   999 | D        | Reached **** piety under Jiyva
   999 | D        | Killed an eye of devastation
  1000 | D        | Gained mutation: Your magical capacity is low. (-10% MP)
                  | [Jiyva's grace]
  1000 | D        | Reached ***** piety under Jiyva
  1002 | D        | Killed an eye of draining
  1006 | D        | Lost mutation: Your magical capacity is low. (-10% MP)
                  | [Jiyva's grace]
  1007 | D        | Gained mutation: Your body has grown golden eyes which may
                  | confuse attackers. (Acc +3) [Jiyva's grace]
  1027 | D        | Killed an eye of draining
  1032 | D        | Killed a two-headed ogre
  1050 | D        | Gained mutation: You are resistant to hostile enchantments.
                  | (MR+) [Jiyva's grace]
  1050 | D        | Reached ****** piety under Jiyva
  1058 | D        | Lost mutation: Your body has grown golden eyes which may
                  | confuse attackers. (Acc +3) [Jiyva's grace]
  1064 | D        | Noticed an ice beast
  1065 | D        | Lost mutation: You are resistant to hostile enchantments.
                  | (MR+) [Jiyva's grace]
  1066 | D        | Gained mutation: You have acidic saliva. [Jiyva's grace]
  1066 | D        | Gained mutation: You have a somewhat thin skeletal
                  | structure. (Dex +2, Stealth) [Jiyva's grace]
  1082 | D        | Killed an ice beast
  1082 | D        | Reached skill level 6 in Armour
  1099 | D        | Noticed a wyvern
  1110 | D        | Killed a wyvern
  1110 | D        | Reached skill level 9 in Armour
  1110 | D        | Reached XP level 7. HP: 25/70 MP: 7/7
  1118 | D        | Noticed a manticore
  1193 | D        | Lost mutation: You have acidic saliva. [Jiyva's grace]
  1194 | D        | Lost mutation: You have a somewhat thin skeletal structure.
                  | (Dex +2, Stealth) [Jiyva's grace]
  1195 | D        | Gained mutation: You have acidic saliva. [Jiyva's grace]
  1196 | D        | Lost mutation: You have acidic saliva. [Jiyva's grace]
  1196 | D        | Gained mutation: Your mind is acute. (Int +2) [Jiyva's
                  | grace]
  1196 | D        | Lost mutation: Your mind is acute. (Int +2) [Jiyva's grace]
  1200 | D        | Gained mutation: Your system is resistant to poisons.
                  | (rPois) [Jiyva's grace]
  1200 | D        | Gained mutation: Your mind is acute. (Int +2) [Jiyva's
                  | grace]
  1203 | D        | Gained mutation: Your rubbery body absorbs attacks. (AC +1,
                  | EV +1) [Jiyva's grace]
  1205 | D        | Lost mutation: Your system is resistant to poisons. (rPois)
                  | [Jiyva's grace]
  1205 | D        | Gained mutation: You are agile. (Dex +2) [Jiyva's grace]
  1206 | D        | Lost mutation: You are agile. (Dex +2) [Jiyva's grace]
  1207 | D        | Gained mutation: Your flesh is cold resistant. (rC+)
                  | [Jiyva's grace]
  1207 | D        | Lost mutation: Your mind is acute. (Int +2) [Jiyva's grace]
  1209 | D        | Gained mutation: You have sharp toenails. [Jiyva's grace]
  1216 | D        | Gained mutation: Armour fits poorly on your pseudopods.
                  | [Jiyva's grace]
  1217 | D        | Gained mutation: You have razor-sharp toenails. [Jiyva's
                  | grace]
  1219 | D        | Noticed a minotaur
  1231 | D        | Killed a minotaur
  1231 | D        | Reached skill level 12 in Armour
  1231 | D        | Reached XP level 8. HP: 55/78 MP: 8/8
  1262 | D        | Killed a manticore
  1262 | D        | Reached skill level 13 in Armour
  1273 | D        | Gained mutation: Your spells are a little harder to cast,
                  | but a little more powerful. [Jiyva's grace]
  1292 | D        | Gained mutation: You are dopey. (Int -2) [Jiyva's grace]
  1295 | D        | Lost mutation: Armour fits poorly on your pseudopods.
                  | [Jiyva's grace]
  1322 | D        | Noticed an orc knight
  1332 | D        | Reached skill level 14 in Armour
  1343 | D        | Gained mutation: You are somewhat resistant to further
                  | mutation. [Jiyva's grace]
  1345 | D        | Gained mutation: You are robust. (+10% HP) [Jiyva's grace]
  1352 | D        | Gained mutation: Your magical capacity is low. (-10% MP)
                  | [Jiyva's grace]
  1354 | D        | Lost mutation: Your spells are a little harder to cast, but
                  | a little more powerful. [Jiyva's grace]
  1393 | D        | Slimified an orc knight
  1393 | D        | Noticed a slime creature
  1393 | D        | an orc knight changed into a slime creature
  1568 | D        | Noticed a rime drake
  1587 | D        | Killed a rime drake
  1587 | D        | Reached skill level 15 in Armour
  1689 | D        | Noticed a phantasmal warrior
  1701 | D        | Reached XP level 9. HP: 62/92 MP: 8/8
  1703 | D        | Lost mutation: You are somewhat resistant to further
                  | mutation. [Jiyva's grace]
  1711 | D        | Killed a phantasmal warrior
  1711 | D        | Reached skill level 16 in Armour
  1717 | D        | Killed an eye of devastation
  1747 | D        | Lost mutation: Your rubbery body absorbs attacks. (AC +1,
                  | EV +1) [Jiyva's grace]
  1761 | D        | Lost mutation: You have razor-sharp toenails. [Jiyva's
                  | grace]
  1763 | D        | Gained mutation: You possess an exceptional clarity of
                  | mind. [Jiyva's grace]
  2081 | D        | Gained mutation: Armour fits poorly on your pseudopods.
                  | [Jiyva's grace]
  2088 | D        | Gained mutation: You have sharp fingernails. [Jiyva's
                  | grace]
  2099 | D        | Noticed a bone dragon
  2102 | D        | Lost mutation: Your magical capacity is low. (-10% MP)
                  | [Jiyva's grace]
  2110 | D        | Gained mutation: Your rubbery body absorbs attacks. (AC +1,
                  | EV +1) [Jiyva's grace]
  2128 | D        | Lost mutation: You possess an exceptional clarity of mind.
                  | [Jiyva's grace]
  2143 | D        | Slain by a bone dragon

Illustrated notes

Levels and vault maps discovered:
D:        pitsprint [storerooms_1, entrance_room_1, metal_vault_1, armoury_1,
          mini_pit_1, grid_room_1, main_hall_1, silver_pit, the_coven_1,
          the_vestibule_1, steel_vault_2, golden_pit, hallway_of_sentries,
          crystal_vault_3, iron_vault_3, final_vault]

Skill      XL: |  1  2  3  4  5  6  7  8  9 |
---------------+----------------------------+-----
Axes           | 5 7 9 11 13 14 | 14.0
Fighting       | 4 5 6 8 9 |  9.7
Armour         | 9 12 15 16 | 16.2
Shields        | 4 |  4.2

Action                   |  1- 3 |  4- 6 |  7- 9 || total
-------------------------+-------+-------+-------++-------
Melee: War axe           |    35 |    27 |       ||    62
       Hand axe          |       |    35 |   145 ||   180
       Bite              |       |     2 |       ||     2
       Kick              |       |       |    49 ||    49
       Pseudopods        |       |       |    10 ||    10
Invok: Slimify           |       |       |     1 ||     1
       Request Jelly     |       |       |     1 ||     1
  Use: Potion            |       |     1 |     2 ||     3
       Scroll            |       |       |     1 ||     1
Armor: Scale mail        |    13 |     5 |       ||    18
       Plate armour      |       |     7 |    52 ||    59
       Chain mail        |       |     4 |       ||     4
Dodge: Dodged            |    13 |    14 |    29 ||    56

Table legend:
 A = Non-vault XP
 B = Vault XP
 C = Vault XP percentage of total XP
 D = Non-vault monster count
 E = Vault monster count
 F = Vault count percentage of total count
                 A         B        C        D         E       F
            +---------+---------+-------+---------+---------+-------
      Total |       0 |    3031 | 100.0 |       0 |      50 | 100.0
            +---------+---------+-------+---------+---------+-------
          D |       0 |    3031 | 100.0 |       0 |      50 | 100.0
            +---------+---------+-------+---------+---------+-------
